 Dungeon Crawl Stone Soup version 0.30-a0-622-gddc90eaa04 (webtiles) character file.

Game seed: 7478007813153840064

2516 IdlyInterested the Cleaver (level 9, -5/72 HPs)
             Began as a Demonspawn Gladiator on Jan 10, 2023.
             Slain by a two-headed ogre
             ... wielding a +0 giant club
              (20 damage)
             ... on level 6 of the Dungeon.
             The game lasted 00:24:33 (6688 turns).

IdlyInterested the Cleaver (Demonspawn Gladiator)   Turns: 6688, Time: 00:24:34

Health: -5/72      AC:  8    Str: 19    XL:     9   Next: 29%
Magic:  0/9        EV: 12    Int: 10    God:
Gold:   126        SH:  0    Dex: 14    Spells: 8/8 levels left

rFire   . . .      SeeInvis .    a - +1 war axe
rCold   . . .      Faith    .    y - orb {light}
rNeg    . . .      Spirit   +    L - +0 acid dragon scales
rPois   .          Reflect  .    (helmet restricted)
rElec   .          Harm     .    (no cloak)
rCorr   +          Rampage  .    k - +0 pair of gloves
Will    +....                    (no boots)
Stlth   +                        (no amulet)
HPRegen 0.32/turn                v - +4 ring of slaying
MPRegen 0.22/turn                C - ring of willpower

@: mighty, glowing
A: antennae 1, foul stench 1, magic shield, magic regeneration
a: no special abilities


You were on level 6 of the Dungeon.
You visited 2 branches of the dungeon, and saw 7 of its levels.
You also visited: Sewer.

You collected 366 gold pieces.
You spent 240 gold pieces at shops.

Inventory:

Hand Weapons
 a - a +1 war axe (weapon)
 D - a +0 whip of electrocution
Missiles
 d - 3 throwing nets
 e - 5 javelins
 m - 43 stones (quivered)
 t - 4 poisoned darts
 K - 3 boomerangs
Armour
 k - a +0 pair of gloves (worn)
 y - an orb of light (worn)
 z - a +0 buckler
 J - the +1 ring mail of Supple Strength {-Cast rN+++ Regen+ Dex-2}
   (You found it on level 5 of the Dungeon)

   Dex:       It affects your dexterity (-2).
   rN:        It renders you almost immune to negative energy.
   -Cast:     It prevents spellcasting.
   Regen:     It increases your rate of health regeneration.
 L - +0 acid dragon scales (worn)
 O - an orb of guile
Jewellery
 f - a ring of magical power
 j - a ring of wizardry
 u - an amulet of faith
 v - a +4 ring of slaying (left hand)
 C - a ring of willpower (right hand)
 E - an amulet of the acrobat
Wands
 i - a wand of paralysis (15)
 B - a wand of iceblast (12)
 I - a wand of mindburst (18)
 P - a wand of light (7)
Scrolls
 b - a scroll of poison
 c - 3 scrolls of fog
 l - 3 scrolls of teleportation
 A - a scroll of blinking
 F - 3 scrolls of amnesia
 M - a scroll of magic mapping
 N - a scroll of enchant weapon
Potions
 g - 3 potions of curing
 h - 3 potions of brilliance
 n - 2 potions of heal wounds
 o - a potion of might
 p - a potion of lignification
 q - a potion of cancellation
 r - 2 potions of resistance
 s - a potion of magic
 w - 2 potions of attraction {unknown}
 x - a potion of ambrosia
 G - a potion of flight {unknown}
 H - a potion of invisibility {unknown}


   Skills:
 * Level 7.1 Fighting
 + Level 8.8 Axes
 - Level 2.0 Throwing
 * Level 3.8 Armour
 - Level 3.0 Dodging
 - Level 1.0 Stealth
 - Level 2.0 Evocations


You had 8 spell levels left.
You didn't know any spells.
Your spell library contained the following spells:

 Spells                   Type           Power      Damage    Failure   Level
 Beastly Appendage        Tmut           0%         N/A       43%         1
 Magic Dart               Conj           0%         1d3       43%         1
 Slow                     Hex            0%         N/A       43%         1
 Blink                    Tloc           0%         N/A       58%         2
 Call Imp                 Summ           0%         N/A       58%         2
 Momentum Strike          Conj/Tloc      0%         3d8       58%         2
 Wereblood                Tmut           0%         N/A       58%         2
 Confusing Touch          Hex            0%         N/A       82%         3
 Lesser Beckoning         Tloc           0%         N/A       82%         3
 Mephitic Cloud           Conj/Pois/Air  0%         N/A       82%         3
 Portal Projectile        Hex/Tloc       0%         N/A       82%         3
 Spider Form              Tmut/Pois      0%         N/A       82%         3
 Stone Arrow              Conj/Erth      0%         3d7       82%         3
 Tukima's Dance           Hex            0%         N/A       82%         3
 Vampiric Draining        Necr           0%         2d6       82%         3
 Animate Armour           Summ/Erth      0%         N/A       99%         4
 Blade Hands              Tmut           0%         N/A       100%        5
 Lehudib's Crystal Spear  Conj/Erth      0%         10d2      100%        8


Dungeon Overview and Level Annotations

Branches:
Dungeon (6/15)             Temple (1/1) D:5           Sewer (visited)

Altars:
Ashenzari
Cheibriados
Dithmenos
Hepliaklqana
Kikubaaqudgha
Nemelex Xobeh
Qazlal
Sif Muna
Trog
Uskayaw
Vehumet
Wu Jian
Xom

Shops:
D:1 *   D:3 =   D:4 [((

Annotations:
D:6 1 transporter


Innate Abilities, Weirdness & Mutations

You have a pair of small antennae on your head.
You may rarely emit foul miasma when damaged in melee.
When hurt, damage is shared between your health and your magic reserves.
You regenerate magic rapidly.


Message History

The iceblast engulfs the two-headed ogre!
The two-headed ogre is moderately wounded.
The iceblast engulfs pokeman's ghost!
Pokeman's ghost is lightly damaged.
The centaur shoots an arrow.
The arrow hits you!
The centaur shoots an arrow.
The arrow misses you.
Your life force feels restored.
Aiming: Iceblast
Press: ? - help, Shift-Dir - straight line, f/p - phantom
Aim: a phantom (lightly damaged, haloed)
The mass of ice explodes!
The iceblast engulfs the phantom!
The phantom partially resists.
The phantom is heavily damaged.
The iceblast engulfs the two-headed ogre!
The two-headed ogre is moderately wounded.
The iceblast engulfs pokeman's ghost!
Pokeman's ghost is heavily damaged.
You hit the phantom.
The phantom is severely damaged.
You barely miss pokeman's ghost.
The centaur shoots an arrow.
The arrow hits you!
The centaur shoots an arrow.
The arrow misses you. Pokeman's ghost misses you. The phantom hits you.
The white imp gestures at you. The puff of frost hits you.
You slash pokeman's ghost!
Pokeman's ghost is severely damaged.
You barely miss the phantom.
The centaur shoots an arrow.
The arrow closely misses you.
Pokeman's ghost hits you but does no damage.
The phantom hits you.
You emit a cloud of foul miasma!
The phantom blinks!
The white imp gestures at you. The puff of frost hits you.
You slice pokeman's ghost!!
You destroy pokeman's ghost!
You slash the two-headed ogre!
The centaur shoots an arrow.
The arrow hits you.
The centaur shoots an arrow.
The arrow hits you!
The two-headed ogre hits you with a +0 giant club!!
* * * LOW HITPOINT WARNING * * *
The two-headed ogre hits you with a +0 giant spiked club!!
You die...

.................###.###
.......................##
........<.......©.......#
......#.....#########...#
...#####...##8.[)$.8##..#
.#>### ##..#©........#..#
.....## #..#..#...#..#..#
##....###..#.#.....#.#..#
##.....#..#.c.5@....#..#
#.#)#.#..#.#.☼.O.#.#..#
#.#.#....#..#...#..#..#
##...###..#.........#..##
##.........##8.....8##...#
...##...#...#########....#
######..........©........#
###.#....[..........#
#.###.............#


You could see a two-headed ogre, a centaur and a white imp.

Vanquished Creatures
  Pikel (D:4)
  The ghost of pokeman the Thaumaturge, a novice DEHW of Vehumet (D:6)
  Grinder (D:4)
  A steam dragon (D:4)
  A black bear (D:4)
  An ogre (D:6)
  4 lemures (D:4)
  A phantom (D:6)
  6 necrophages (D:6)
  A wyvern zombie (D:6)
  A wight (D:6)
  4 scorpions
  A howler monkey (D:6)
  A bullfrog zombie (D:6)
  A human zombie (D:6)
  A centaur zombie (D:6)
  2 jellies (D:6)
  5 orc priests
  3 iguanas
  2 orc wizards
  2 mummies (D:6)
  13 adders
  5 river rats
  2 ufetubi (D:6)
  4 worms
  4 dart slugs
  19 orcs
  6 endoplasms
  5 giant cockroaches
  5 goblins
  8 hobgoblins
  5 jackals
  A quokka (D:4)
  11 ball pythons
  4 bats
  7 frilled lizards
  13 kobolds
  10 rats
163 creatures vanquished.

Notes
Turn   | Place    | Note
-------+----------+-------------------------------------------
     0 | D:1      | IdlyInterested the Demonspawn Gladiator began the quest for
                  | the Orb.
     0 | D:1      | Reached XP level 1. HP: 16/16 MP: 1/1
   154 | D:1      | Reached skill level 3 in Axes
   154 | D:1      | Gained mutation: You may rarely emit foul miasma when
                  | damaged in melee. [demonic ancestry]
   154 | D:1      | Reached XP level 2. HP: 19/22 MP: 2/2
   506 | D:1      | Reached XP level 3. HP: 28/28 MP: 3/3
   546 | D:1      | Found Hulixaxi's General Store.
   780 | D:1      | Bought a scroll of identify for 24 gold pieces
   813 | D:2      | Reached skill level 1 in Armour
  1374 | D:2      | Reached XP level 4. HP: 34/34 MP: 4/4
  1637 | D:1      | Bought a scroll of fog for 48 gold pieces
  1977 | D:3      | Reached skill level 4 in Axes
  1977 | D:3      | Reached skill level 1 in Stealth
  2107 | D:3      | Found a broken altar of Ashenzari.
  2123 | D:3      | Gained mutation: You regenerate magic rapidly. [demonic
                  | ancestry]
  2123 | D:3      | Reached XP level 5. HP: 41/41 MP: 5/5
  2283 | D:3      | Found a shimmering blue altar of Sif Muna.
  2397 | D:3      | Found Zafah's Jewellery Shoppe.
  3081 | D:1      | Bought a scroll of identify for 24 gold pieces
  3559 | D:4      | Found Wueseq's Armour Shoppe.
  3666 | D:4      | Noticed Grinder
  3666 | D:4      | Noticed a lemure
  3667 | D:4      | Noticed a lemure
  3667 | D:4      | Noticed a lemure
  3668 | D:4      | Noticed a lemure
  3668 | D:4      | Noticed Pikel
  3672 | D:4      | Killed a lemure
  3675 | D:4      | Killed Grinder
  3676 | D:4      | Reached skill level 5 in Axes
  3676 | D:4      | Reached XP level 6. HP: 28/48 MP: 6/6
  3679 | D:4      | Killed Pikel
  3680 | D:4      | Reached skill level 6 in Axes
  3680 | D:4      | Gained mutation: When hurt, damage is shared between your
                  | health and your magic reserves. [demonic ancestry]
  3680 | D:4      | Reached XP level 7. HP: 24/55 MP: 7/7
  3808 | D:4      | Found Hyac's Antique Weapon Shoppe.
  3859 | D:4      | Reached skill level 5 in Fighting
  3859 | D:4      | Reached skill level 7 in Axes
  3859 | D:4      | Gained mutation: You have a pair of small antennae on your
                  | head. [demonic ancestry]
  3859 | D:4      | Reached XP level 8. HP: 62/62 MP: 8/8
  3872 | D:4      | Found a bloodstained altar of Trog.
  3875 | D:4      | Found a hazy altar of Hepliaklqana.
  4268 | D:4      | Found Vimij's Weapon Shop.
  4368 | D:1      | Bought 3 scrolls of amnesia for 144 gold pieces
  4436 | D:5      | Entered Level 5 of the Dungeon
  4466 | D:5      | Found a glowing drain.
  4481 | Sewer    | Entered a sewer
  4964 | D:5      | Noticed a +0 dagger
  4965 | D:5      | Noticed a +0 dagger
  4968 | D:5      | Found a hide-covered altar of Uskayaw.
  5135 | D:5      | Identified the +1 ring mail of Supple Strength {-Cast rN+++
                  | Regen+ Dex-2}
  5271 | D:5      | Found a staircase to the Ecumenical Temple.
  5282 | Temple   | Entered the Ecumenical Temple
  5551 | D:6      | Found a transporter.
  5629 | D:6      | Reached skill level 8 in Axes
  6050 | D:6      | Found an ornate altar of the Wu Jian Council.
  6144 | D:6      | Noticed pokeman's ghost (novice DEHW)
  6145 | D:6      | Found a transporter.
  6147 | D:6      | Noticed a two-headed ogre
  6366 | D:6      | Reached XP level 9. HP: 68/71 MP: 9/9
  6366 | D:6      | Found an ancient bone altar of Kikubaaqudgha.
  6688 | D:6      | Killed pokeman's ghost
  6688 | D:6      | Slain by a two-headed ogre

Illustrated notes

Levels and vault maps discovered:
D:1:      amcnicky_arrival_underground_garden, layout_basic, serial_shops,
          nicolae_shop_waterfront
D:2:      layout_basic
D:3:      layout_basic, evilmike_ruin_ashenzari, lemuel_tele_altar,
          serial_shops, nicolae_shop_hallway_plus, grunt_ministairs_15,
          kennysheep_another_room
D:4:      layout_loops_ring, chequers_temple_overflow_statue_of_worship,
          serial_shops, kennysheep_little_box, shop, shop_coins, uniq_grinder,
          uniq_pikel
D:5:      layout_basic, dancing_weapons_uskayaw, minmay_temple_entry_glass,
          portal_sewer_entry_a
D:6:      layout_rooms, lemuel_mausoleum_altar_kikubaaqudgha,
          nicolae_wu_jian_immortal_techniques, gammafunk_ghost_arena,
          grunt_ministairs_11
Temple:   hellmonk_temple_rainy

Skill      XL: |  1  2  3  4  5  6  7  8  9 |
---------------+----------------------------+-----
Axes           | 3 4 5 6 7 8 |  8.8
Armour         | 1 2 3 |  3.8
Stealth        | 1 |  1.0
Fighting       | 3 4 5 6 7 |  7.1
Evocations     | 2 |  2.0
Throwing       | 2 |  2.0
Dodging        | 3 |  3.0

Action                   |  1- 3 |  4- 6 |  7- 9 || total
-------------------------+-------+-------+-------++-------
Melee: War axe           |    95 |    79 |   195 ||   369
       Punch             |     1 |     1 |       ||     2
Throw: Stone             |       |       |     7 ||     7
Evoke: Wand              |       |     1 |     2 ||     3
  Use: Scroll            |     7 |     5 |     3 ||    15
       Potion            |       |     1 |     4 ||     5
Armor: Plate armour      |    84 |    55 |    65 ||   204
       Acid dragon scale |       |       |    29 ||    29
Dodge: Dodged            |    25 |    27 |    84 ||   136

Table legend: (Time is in decaauts)
 A = Elapsed time spent in this place.
 B = Non-inter-level travel time spent in this place.
 C = Inter-level travel time spent in this place.
 D = Time resting spent in this place.
 E = Time spent auto-exploring this place.
 F = Levels seen in this place.
 G = Mean time per level.
                   A        B        C        D        E       F      G
               +--------+--------+--------+--------+--------+-----+--------+
         Total |   6868 |   5489 |   1379 |    260 |   3155 |   8 |  858.5 |
       Dungeon |   6326 |   4947 |   1379 |    260 |   3151 |   6 | 1054.3 |
        Temple |     23 |     23 |      0 |      0 |      0 |   1 |   23.0 |
         Sewer |    518 |    518 |      0 |      0 |      4 |   1 |  518.0 |
               +--------+--------+--------+--------+--------+-----+--------+

Top non-repeatable levels by time:
     D:3: 1570 daAuts
     D:1: 1139 daAuts
     D:4: 1080 daAuts
     D:2: 942 daAuts
     D:5: 804 daAuts
     D:6: 789 daAuts
   Sewer: 518 daAuts
  Temple: 23 daAuts
